 Dungeon Crawl Stone Soup version 0.28-a0-447-g1f95980246 (webtiles) character file.

Game seed: 13921662188675622278

266 bande the Skirmisher (level 6, -12/39 HPs)
             Began as a Gargoyle Fighter on Sept 12, 2021.
             Killed by divine providence
             ... invoked by an orc priest
              (15 damage)
             ... on level 6 of the Dungeon.
             The game lasted 00:06:49 (4191 turns).

bande the Skirmisher (Gargoyle Fighter)             Turns: 4191, Time: 00:06:49

Health: -12/39     AC: 15    Str: 21    XL:     6   Next: 20%
Magic:  6/6        EV:  7    Int:  8    God:
Gold:   124        SH:  4    Dex: 10    Spells: 5/5 levels left

rFire   . . .      SeeInvis +   a - +1 war axe
rCold   . . .      Faith    .   c - +0 buckler
rNeg    + . .      Spirit   .   f - +0 chain mail
rPois   ∞          Reflect  .   (no helmet)
rElec   +          Harm     .   (no cloak)
rCorr   .          Rampage  .   (no gloves)
Will    .....                   m - +0 pair of boots
Stlth   ..........              (no amulet)
HPRegen 0.13/turn               e - ring of see invisible
MPRegen 0.10/turn               (no ring)

@: no status effects
A: sickness immunity, AC +4, negative energy resistance 1, electricity
resistance, torment resistance 1, petrification resistance
a: no special abilities


You were on level 6 of the Dungeon.
You visited 1 branch of the dungeon, and saw 6 of its levels.

You collected 124 gold pieces.

Inventory:

Hand Weapons
 a - a +1 war axe (weapon)
 l - a +0 flail
Armour
 c - a +0 buckler (worn)
 f - a +0 chain mail (worn)
 m - a +0 pair of boots (worn)
Jewellery
 e - a ring of see invisible (left hand)
Scrolls
 h - 3 scrolls of teleportation
 k - a scroll of enchant weapon
Potions
 b - 2 potions of curing
 d - 2 potions of might
 g - a potion of resistance
 i - 2 potions of flight
 j - 2 potions of heal wounds


   Skills:
 + Level 4.3 Fighting
 + Level 4.1 Axes
 + Level 4.3 Armour
 - Level 0.1 Dodging
 + Level 4.0 Shields


You had 5 spell levels left.
You didn't know any spells.
Your spell library was empty.

Dungeon Overview and Level Annotations

Branches:
Dungeon (6/15)
 Temple: D:4-7

Altars:
Dithmenos
Elyvilon
Fedhas
Kikubaaqudgha
Makhleb
Nemelex Xobeh
Qazlal

Annotations:
D:4 2 transporters, AttackTheMoon's ghost, amateur GnWz


Innate Abilities, Weirdness & Mutations

You are immune to sickness and miasma.
Your stone body is resilient. (AC +4)
You are immune to poison.
You resist negative energy. (rN+)
You are resistant to electric shocks. (rElec)
You are resistant to unholy torment.
You are immune to petrification.


Message History

The orc is severely wounded.
You hit the orc warrior. You block the orc's attack.
The orc warrior hits you with a +0 flail.
You block the orc priest's attack. The orc hits you with a +0 war axe.
You hit the orc.
You kill the orc!
You hit the orc warrior. You hit the orc priest.
The orc warrior hits you with a +0 flail.
The orc priest looks satisfied for a moment.
The orc warrior hits you with a +0 flail.
You are too injured to fight recklessly!
You are too injured to fight recklessly!
You are too injured to fight recklessly!
You are too injured to fight recklessly!
You are too injured to fight recklessly!
You are too injured to fight recklessly!
You are too injured to fight recklessly!
You are too injured to fight recklessly!
Unknown command.
The sky beast flickers out of sight for a moment.
You see here 21 sling bullets.
Number of times to repeat, then command key: You must enter the number of times for the command to repeat.
There is a stone staircase leading down here.
You climb downwards.
There is a stone staircase leading up here.
You closely miss the orc priest.
The orc priest is lightly wounded.
The orc priest hits you with a +0 hand axe.
You closely miss the orc priest.
The orc priest is lightly wounded.
The orc priest calls down the wrath of Beogh upon you.
Beogh smites you!
* * * LOW HITPOINT WARNING * * *
You barely miss the orc priest.
The orc priest is lightly wounded.
The orc priest hits you but does no damage.
The orc priest mumbles some strange prayers to Beogh against you.
Beogh smites you!
You die...

.... ... ##..
... #..## #
#...# .# .
#..o#.#....
#..@....#
.......######
.#####. ..
###


You could see an orc priest.

Vanquished Creatures
  A sky beast (D:3)
  A centaur skeleton (D:4)
  An iguana (D:3)
  A hound skeleton (D:4)
  2 adders
  An ufetubus (D:4)
  A worm (D:2)
  2 dart slugs
  9 orcs
  A bat (D:2)
  3 endoplasms
  A giant cockroach (D:1)
  3 goblins
  9 hobgoblins
  3 jackals (D:1)
  8 quokkas
  9 ball pythons
  4 frilled lizards
  7 kobolds
  8 rats
75 creatures vanquished.

Vanquished Creatures (others)
  4 fungi (D:3)
  2 plants (D:3)
6 creatures vanquished.

Grand Total: 81 creatures vanquished

Notes
Turn   | Place    | Note
-------+----------+-------------------------------------------
     0 | D:1      | bande the Gargoyle Fighter began the quest for the Orb.
     0 | D:1      | Reached XP level 1. HP: 14/14 MP: 1/1
   202 | D:1      | Found a faded altar of an unknown god.
   258 | D:1      | Reached XP level 2. HP: 19/19 MP: 2/2
   891 | D:2      | Reached XP level 3. HP: 23/23 MP: 3/3
  1860 | D:2      | Reached XP level 4. HP: 29/29 MP: 4/4
  2125 | D:3      | Found a sparkling altar of Nemelex Xobeh.
  2127 | D:3      | Found a burning altar of Makhleb.
  2128 | D:3      | Found an ancient bone altar of Kikubaaqudgha.
  2130 | D:3      | Found a shadowy altar of Dithmenos.
  2130 | D:3      | Found a white marble altar of Elyvilon.
  2316 | D:3      | Found a blossoming altar of Fedhas.
  2319 | D:3      | Found a stormy altar of Qazlal.
  2507 | D:3      | Noticed a sky beast
  2520 | D:3      | Killed a sky beast
  2521 | D:3      | Reached XP level 5. HP: 28/33 MP: 5/5
  3325 | D:4      | Reached XP level 6. HP: 38/38 MP: 6/6
  3350 | D:4      | Found a transporter.
  3353 | D:4      | Noticed AttackTheMoon's ghost (amateur GnWz)
  4040 | D:4      | Found a transporter.
  4117 | D:5      | Entered Level 5 of the Dungeon
  4161 | D:5      | Noticed an orc warrior
  4163 | D:5      | Noticed a sky beast
  4191 | D:6      | Killed from afar by an orc priest

Illustrated notes

Levels and vault maps discovered:
D:1:      dpeg_cavernosity, layout_basic, ebering_ecumenical_altar_box
D:2:      layout_loops_corners, minmay_crystal_water, minmay_cupped
D:3:      minmay_angry_zag, layout_loops_ring, grunt_temple_overflow_open,
          grunt_temple_overflow_forces_of_nature, grunt_ministairs_6
D:4:      layout_cave_pools, gammafunk_ghost_mausoleum, serial_bayou_pond_d,
          st_stairs_5, patterned_corridor
D:5:      layout_loops_cross, hangedman_decor_opposing, uniq_grinder,
          uniq_edmund
D:6:      minmay_clustersquares, layout_basic, xom_butterflies,
          hangedman_ru_absence, minmay_temple_entry_enclosed_plants,
          gammafunk_ghost_stat_death, serial_glass, glass_columns_c,
          glass_columns_a, nicolae_wooded_promenade, minmay_misc_feat_nine_boxes

Skill      XL: |  1  2  3  4  5  6 |
---------------+-------------------+-----
Axes           | 2 3 4 |  4.1
Fighting       | 4 |  4.3
Armour         | 4 |  4.3
Shields        | 4 |  4.0
Dodging        | |  0.1

Action                   |  1- 3 |  4- 6 || total
-------------------------+-------+-------++-------
Melee: War axe           |   122 |   104 ||   226
  Use: Scroll            |     6 |     4 ||    10
       Potion            |       |     2 ||     2
Armor: Scale mail        |     2 |       ||     2
       Chain mail        |    84 |    72 ||   156
Dodge: Dodged            |    40 |    29 ||    69
Block: Buckler           |    24 |    21 ||    45

Table legend: (Time is in decaauts)
 A = Elapsed time spent in this place.
 B = Non-inter-level travel time spent in this place.
 C = Inter-level travel time spent in this place.
 D = Time resting spent in this place.
 E = Time spent auto-exploring this place.
 F = Levels seen in this place.
 G = Mean time per level.
                   A        B        C        D        E       F      G
               +--------+--------+--------+--------+--------+-----+--------+
         Total |   4274 |   4199 |     75 |    495 |   2900 |   6 |  712.3 |
       Dungeon |   4274 |   4199 |     75 |    495 |   2900 |   6 |  712.3 |
               +--------+--------+--------+--------+--------+-----+--------+

Top non-repeatable levels by time:
     D:2: 1226 daAuts
     D:4: 1132 daAuts
     D:3: 973 daAuts
     D:1: 866 daAuts
     D:5: 72 daAuts
     D:6: 3 daAuts
